 Seeded DCSS version 0.31-a0-210-gccc998df9b (webtiles) character file.

Game seed: 8113056780134302019 (custom seed)

5028 innerfire43 the Cruncher (level 10, -14/81 HPs)
             Began as a Demonspawn Monk on June 30, 2023.
             Demolished by a boulder beetle (44 damage)
             ... on level 8 of the Dungeon.
             The game lasted 00:09:49 (6873 turns).

innerfire43 the Cruncher (Demonspawn Monk)          Turns: 6873, Time: 00:09:49

Health: -14/81     AC: 15    Str: 15    XL:     10   Next: 30%
Magic:  10/10      EV:  6    Int: 12    God:
Gold:   1112       SH:  0    Dex: 16    Spells: 9/9 levels left

rFire   + . .        f - +4 lajatang (vamp)
rCold   . . .        (shield currently unavailable)
rNeg    . . .        L - +0 plate armour
rPois   .            h - +0 helmet
rElec   .            s - +0 cloak
rCorr   .            (no gloves)
SInv    +            y - +0 pair of boots
Will    .....        (no amulet) Stlth
                     e - ring of see invisible
HPRegen 0.33/turn    p - ring of protection from fire
MPRegen 0.12/turn

%: no passive effects
@: no status effects
A: thin metallic scales 1, demonic guardian 1, powered by death 1, demonic touch
2
a: no special abilities


You were on level 8 of the Dungeon.
You visited 1 branch of the dungeon, and saw 8 of its levels.

You collected 1501 gold pieces.
You spent 389 gold pieces at shops.

Inventory:

Hand Weapons
 a - a +0 hand axe
 f - a +4 vampiric lajatang (weapon)
 A - a +0 war axe
Armour
 b - a +0 robe
 d - an orb of light
 h - a +0 helmet (worn)
 k - a +0 tower shield
 s - a +0 cloak (worn)
 v - a +1 robe of willpower
 y - a +0 pair of boots (worn)
 L - a +0 plate armour (worn)
Jewellery
 e - a ring of see invisible (left hand)
 p - a ring of protection from fire (right hand)
 q - a ring of ice
 w - a ring of protection from cold
 B - a +6 ring of intelligence
 F - a ring of positive energy
 M - a ring of ice
Wands
 H - a wand of polymorph (2)
 I - a wand of roots (8)
Scrolls
 g - 3 scrolls of vulnerability
 i - 3 scrolls of fog
 j - 8 scrolls of teleportation
 l - 3 scrolls of blinking
 n - 2 scrolls of amnesia
 t - a scroll of summoning
 C - 2 scrolls of revelation
 D - 2 scrolls of fear {unknown}
 K - a scroll of noise {unknown}
Potions
 c - a potion of ambrosia
 m - a potion of enlightenment {unknown}
 o - a potion of degeneration
 u - a potion of attraction {unknown}
 x - 2 potions of resistance
 z - 2 potions of haste {unknown}
 E - a potion of curing {unknown}
 G - 2 potions of lignification {unknown}
 J - 2 potions of mutation {unknown}


   Skills:
 + Level 8.3 Fighting
 - Level 3.1 Axes
 * Level 9.7 Staves
 + Level 7.5 Dodging


You had 9 spell levels left.
You didn't know any spells.
Your spell library contained the following spells:

 Spells                   Type           Power      Damage    Failure   Level
 Slow                     Hex            0%         N/A       100%        1
 Cigotuvi's Dreadful Rot  Necr/Pois/Air  0%         N/A       100%        2
 Ensorcelled Hibernation  Hex/Ice        0%         N/A       100%        2
 Poisonous Vapours        Pois/Air       0%         N/A       100%        2
 Confusing Touch          Hex            0%         N/A       100%        3
 Mephitic Cloud           Conj/Pois/Air  0%         N/A       100%        3
 Spider Form              Tmut/Pois      0%         N/A       100%        3
 Vampiric Draining        Necr           0%         2d6       100%        3
 Anguish                  Hex/Necr       0%         N/A       100%        4
 Animate Dead             Necr           0%         N/A       100%        4
 Dispel Undead            Necr           0%         3d6       100%        4
 Borgnjor's Vile Clutch   Necr/Erth      0%         N/A       100%        5
 Freezing Cloud           Conj/Ice/Air   0%         6-21      100%        5
 Death Channel            Necr           0%         N/A       100%        6


Dungeon Overview and Level Annotations

Branches:
Dungeon (8/15)             Temple (0/1) D:6
   Lair: D:8-11

Altars:
Ashenzari
Hepliaklqana
Kikubaaqudgha
Vehumet
Wu Jian

Shops:
D:1 ?


Innate Abilities, Weirdness & Mutations

You are partially covered in thin metallic scales. (AC +2)
A weak demonic guardian rushes to your aid.
You regenerate a little health from kills.
Your touch may inflict irresistible damage on your foes.


Message History

You hit the boulder beetle.
The boulder beetle is moderately wounded.
The boulder beetle bites you but does no damage.
You hit the boulder beetle.
The boulder beetle is moderately wounded.
The boulder beetle barely misses you.
You slice the boulder beetle!!
The boulder beetle is severely wounded.
The boulder beetle bites you!
You are too injured to fight recklessly!
You are too injured to fight recklessly!
You are too injured to fight recklessly!
You hit the boulder beetle but do no damage.
The boulder beetle is severely wounded.
The boulder beetle bites you but does no damage.
You slash the boulder beetle!
The boulder beetle is severely wounded.
The boulder beetle bites you!
* * * LOW HITPOINT WARNING * * *
You feel much better. The boulder beetle bites you!
You hit the boulder beetle but do no damage.
The boulder beetle is severely wounded.
The boulder beetle bites you.
You hit the boulder beetle but do no damage.
The boulder beetle is severely wounded.
The boulder beetle bites you.
You slash the boulder beetle!
The boulder beetle is almost dead.
You hit the boulder beetle but do no damage.
The boulder beetle is almost dead.
The boulder beetle barely misses you.
You hit the boulder beetle but do no damage.
The boulder beetle is almost dead.
The boulder beetle leaps!
You see here 16 gold pieces.
You now have 1112 gold pieces (gained 16).
The boulder beetle curls into a ball and begins rolling!
The boulder beetle hits you!!!
Ouch! That really hurt!
You die...

≈ #≈≈.# ########.#
≈≈≈≈≈## ## ≈≈≈≈≈≈ .#
≈###≈≈ #####.# #≈≈
#.....#### #≈≈
...###.#......# ≈ ≈≈#
#.........# . ≈
#####.#..###.... .
#.#@........ .
###.#B####.##. #
#........# #.
#.#.#.##.# #.#
#.#..... .. ..#
#.###.##.### ####.#
#.###.# # ..)..#
#.#.#.##.#.
..##.#######.)........


You could see a boulder beetle (rolling).

Vanquished Creatures
  A two-headed ogre (D:8)
  Pikel (D:8)
  Grinder (D:3)
  Sigmund (D:6)
  2 wyverns
  Grum (D:8)
  A water moccasin (D:5)
  An orc warrior (D:8)
  2 black bears
  3 ice beasts
  2 sky beasts
  3 wolves (D:8)
  An ogre (D:5)
  A lemure (D:8)
  A gnoll sergeant (D:6)
  A scorpion (D:6)
  11 wights
  4 howler monkeys
  3 electric eels (D:8)
  3 jellies
  2 hounds
  A gnoll bouda (D:7)
  An orc priest (D:8)
  8 iguanas
  An orc wizard (D:8)
  12 gnolls
  10 adders
  A shadow imp (D:7)
  A white imp (D:6)
  An ufetubus (D:5)
  3 worms
  4 dart slugs
  11 orcs
  10 bats
  6 endoplasms
  5 giant cockroaches
  9 goblins
  A hobgoblin (D:3)
  6 kobolds
  2 quokkas
  9 ball pythons
  A frilled lizard (D:3)
  3 rats
152 creatures vanquished.

Vanquished Creatures (collateral kills)
  An ogre (D:5)
  2 wights
  3 howler monkeys (D:8)
  A gnoll (D:7)
  An orc (D:8)
  2 goblins (D:7)
10 creatures vanquished.

Grand Total: 162 creatures vanquished

Notes
Turn   | Place    | Note
-------+----------+-------------------------------------------
     0 | D:1      | innerfire43 the Demonspawn Monk began the quest for the
                  | Orb.
     0 | D:1      | Reached XP level 1. HP: 18/18 MP: 1/1
    79 | D:1      | Gained mutation: Your touch may inflict minor irresistible
                  | damage on your foes. [demonic ancestry]
    79 | D:1      | Reached XP level 2. HP: 17/24 MP: 2/2
   318 | D:1      | Reached XP level 3. HP: 28/29 MP: 3/3
   330 | D:1      | Identified a scroll of acquirement
   330 | D:1      | Acquired a +2 vampiric lajatang
   364 | D:1      | Found Ponycs's Magic Scroll Shop.
   647 | D:2      | Reached skill level 1 in Staves
   710 | D:2      | Gained mutation: You are partially covered in thin metallic
                  | scales. (AC +2) [demonic ancestry]
   710 | D:2      | Reached XP level 4. HP: 36/37 MP: 4/4
  1039 | D:2      | Acquired 1090 gold pieces
  1427 | D:1      | Bought a scroll of identify for 22 gold pieces
  1427 | D:1      | Bought a scroll of identify for 22 gold pieces
  1427 | D:1      | Bought a scroll of teleportation for 33 gold pieces
  1427 | D:1      | Bought a scroll of enchant weapon for 82 gold pieces
  1427 | D:1      | Bought a scroll of identify for 22 gold pieces
  1427 | D:1      | Bought a scroll of blinking for 82 gold pieces
  1427 | D:1      | Bought a scroll of identify for 22 gold pieces
  1427 | D:1      | Bought a scroll of summoning for 104 gold pieces
  1552 | D:3      | Noticed Grinder
  1574 | D:3      | Killed Grinder
  1575 | D:3      | Reached skill level 3 in Staves
  1575 | D:3      | Gained mutation: Your touch may inflict irresistible damage
                  | on your foes. [demonic ancestry]
  1575 | D:3      | Reached XP level 5. HP: 23/43 MP: 5/5
  1575 | D:3      | Reached XP level 6. HP: 26/49 MP: 6/6
  2793 | D:4      | Found an ancient bone altar of Kikubaaqudgha.
  3255 | D:5      | Entered Level 5 of the Dungeon
  3288 | D:5      | Noticed a water moccasin
  3297 | D:5      | Killed a water moccasin
  3298 | D:5      | Reached skill level 4 in Staves
  3298 | D:5      | Gained mutation: A weak demonic guardian rushes to your
                  | aid. [demonic ancestry]
  3298 | D:5      | Reached XP level 7. HP: 30/55 MP: 7/7
  3465 | D:5      | Reached skill level 5 in Fighting
  3491 | D:5      | Reached skill level 5 in Staves
  3684 | D:5      | Reached skill level 5 in Dodging
  3713 | D:5      | Gained mutation: You regenerate a little health from kills.
                  | [demonic ancestry]
  3713 | D:5      | Reached XP level 8. HP: 40/63 MP: 8/8
  3826 | D:5      | Found a hazy altar of Hepliaklqana.
  3921 | D:5      | Reached skill level 6 in Staves
  4367 | D:6      | Found a radiant altar of Vehumet.
  4435 | D:6      | Found a staircase to the Ecumenical Temple.
  4471 | D:6      | Reached skill level 7 in Staves
  4639 | D:6      | Reached XP level 9. HP: 71/71 MP: 9/9
  4739 | D:6      | Noticed Sigmund
  4751 | D:6      | Killed Sigmund
  5114 | D:7      | Found a flagged portal.
  5495 | D:7      | Found a broken altar of Ashenzari.
  5499 | D:7      | Reached skill level 8 in Staves
  5784 | D:7      | Found an ornate altar of the Wu Jian Council.
  6060 | D:8      | Noticed Pikel
  6076 | D:8      | Killed Pikel
  6129 | D:8      | Reached skill level 9 in Staves
  6203 | D:8      | Noticed Grum
  6230 | D:8      | Reached XP level 10. HP: 30/80 MP: 10/10
  6248 | D:8      | Killed Grum
  6761 | D:8      | Noticed a two-headed ogre
  6771 | D:8      | Killed a two-headed ogre
  6847 | D:8      | Noticed a boulder beetle
  6873 | D:8      | Demolished by a boulder beetle

Illustrated notes

Levels and vault maps discovered:
D:1:      roderic_crossed_star, layout_rooms, serial_shops, nicolae_diamond_shop
D:2:      layout_loops_cross
D:3:      layout_basic, uniq_grinder
D:4:      layout_basic, zin_academy, kennysheep_mini
D:5:      layout_basic, kennysheep_mini_moat, grunt_decor_one_mirror,
          kennysheep_generic_room_9
D:6:      layout_loops_ring, vehumet_crystals, minmay_temple_entry_stoned_glass,
          uniq_sigmund
D:7:      layout_rooms, evilmike_ruin_ashenzari, lemuel_coloured_pillars_altar,
          enter_bailey_5
D:8:      layout_loops_corners, water_boxes_lemuel, uniq_pikel, uniq_grum

Skill      XL: |  1  2  3  4  5  6  7  8  9 10 |
---------------+-------------------------------+-----
Dodging        | 3 4 5 6 7 |  7.5
Axes           | 3 |  3.1
Staves         | 1 3 4 5 7 9 |  9.7
Fighting       | 4 5 6 7 8 |  8.3

Action                     |  1- 3 |  4- 6 |  7- 9 | 10-12 || total
---------------------------+-------+-------+-------+-------++-------
  Melee: Hand axe          |    58 |       |       |       ||    58
         Lajatang          |    17 |   139 |   260 |    58 ||   474
    Use: Scroll            |     1 |     8 |       |     2 ||    11
         Potion            |       |     1 |     2 |     4 ||     7
   Stab: Sleeping          |       |     4 |       |       ||     4
         Distracted        |       |       |     2 |     1 ||     3
 Armour: Robe              |    24 |    45 |    77 |     3 ||   149
         Plate armour      |       |       |       |    15 ||    15
  Dodge: Dodged            |    57 |   110 |   226 |    23 ||   416

Table legend: (Time is in decaauts)
 A = Elapsed time spent in this place.
 B = Non-inter-level travel time spent in this place.
 C = Inter-level travel time spent in this place.
 D = Time resting spent in this place.
 E = Time spent auto-exploring this place.
 F = Levels seen in this place.
 G = Mean time per level.
                   A        B        C        D        E       F      G
               +--------+--------+--------+--------+--------+-----+--------+
         Total |   6937 |   6577 |    360 |      0 |   5278 |   8 |  867.1 |
       Dungeon |   6937 |   6577 |    360 |      0 |   5278 |   8 |  867.1 |
               +--------+--------+--------+--------+--------+-----+--------+

Top non-repeatable levels by time:
     D:4: 1076 daAuts
     D:5: 1005 daAuts
     D:7: 882 daAuts
     D:2: 874 daAuts
     D:6: 873 daAuts
     D:8: 872 daAuts
     D:1: 680 daAuts
     D:3: 670 daAuts
